[Event "Titled Tuesday Blitz November 29 Late 2022"]
[White "Gavilan Diaz, Mario"]
[Black "Shapiro, Daniel"]
[WhiteFideId "2260905"]
[BlackFideId "2001780"]
[WhiteElo "2176"]
[BlackElo "2329"]
[Result "0-1"]
[Round "06"]
[TimeControl "180+1"]
[Date "2022.11.30"]
[WhiteClock "0:00:13"]
[BlackClock "0:00:11"]

1. d4 Nf6 2. Nc3 d5 3. Bf4 c6 4. f3 g6 5. e4 Bg7 6. Qd2 O-O 7. O-O-O a6 8. h4 dxe4 9. fxe4 Bg4 10. Nf3 b5 11. Bd3 Nbd7 12. Bh6 Nb6 13. Bxg7 Kxg7 14. h5 Nxh5 15. Qg5 Qc8 16. Rh4 Bxf3 17. gxf3 f6 18. Qe3 Kh8 19. Qh6 Rf7 20. Rdh1 Qf8 21. Qe3 Nc4 22. Bxc4 bxc4 23. Na4 e5 24. Nc5 Qd6 25. c3 Nf4 26. Qd2 Rd8 27. Rd1 Nd3+ 28. Nxd3 cxd3 29. Qxd3 exd4 30. cxd4 Rb7 31. Kb1 Rb4 32. Rdh1 Rd7 33. e5 fxe5 34. Qc3 Rxd4 35. Rxd4 exd4 36. Qd3 c5 37. a3 Qd5 38. Re1 c4 39. Qc2 d3 40. Qc3+ Qd4 41. Qb4 Rd6 42. Qb8+ Rd8 43. Re8+ Rxe8 44. Qxe8+ Kg7 45. Qe7+ Kh6 46. Qf8+ Kh5 47. Qf7 d2 48. Qxh7+ Kg5 49. Qe7+ Kf4 50. Qf7+ Ke3 51. Qe6+ Kf2 52. Ka2 d1=Q 53. Qxg6 Qb3+ 54. Ka1 Qdd1+ 55. Qb1 Qxb1+ 56. Kxb1 Qd1+ 57. Ka2 Kxf3 58. a4 Ke3 59. Ka3 Kd2 60. Kb4 Qb3+ 61. Kc5 Qxa4 62. Kd6 Qb3 63. Ke5 Qxb2+ 64. Kf5 c3 65. Ke6 c2 66. Kd6 c1=Q 67. Ke6 Qc4+ 68. Kf5 Qbb5+ 69. Kg6 Qcc6+ 70. Kf7 Qbb7+ 0-1


[Site "https://www.chess.com"]

[Event "Titled Tuesday Blitz November 29 Late 2022"]
[White "Gerbelli Neto, Eduardo"]
[Black "Tan, Ralph"]
[WhiteFideId "2103281"]
[BlackFideId "30966590"]
[WhiteElo "2178"]
[BlackElo "2059"]
[Result "1-0"]
[Round "06"]
[TimeControl "180+1"]
[Date "2022.11.30"]
[WhiteClock "0:00:19"]
[BlackClock "0:00:08"]

1. e4 e6 2. d4 d5 3. Nc3 Nf6 4. e5 Nfd7 5. Nf3 c5 6. dxc5 Bxc5 7. Bd3 Nc6 8. Bf4 h6 9. O-O a6 10. h4 b5 11. a3 Bb7 12. Qe2 Nd4 13. Nxd4 Bxd4 14. Bg3 Bxc3 15. bxc3 Rc8 16. a4 bxa4 17. Rxa4 O-O 18. Rg4 Nc5 19. Qe3 Kh8 20. Bf4 Nxd3 21. Bxh6 g6 22. Bg5 f6 23. Bxf6+ Rxf6 24. exf6 Kh7 25. Qg5 Ne5 26. Qxe5 Qc7 27. Qg5 Qf7 28. h5 gxh5 29. Qg7+ Qxg7 30. Rxg7+ Kh6 31. Rxb7 Rxc3 32. Re1 Rxc2 33. Rxe6 Kg6 34. f7+ Kg7 35. Re8 Rc1+ 36. Kh2 h4 37. Rg8+ Kh7 38. f8=Q+ Rc7 39. Rg7+ Rxg7 40. Qxg7# 1-0


[Site "https://www.chess.com"]

[Event "Titled Tuesday Blitz November 29 Late 2022"]
[White "Goltsev, Dmitry"]
[Black "Risteski, Emil"]
[WhiteFideId "24176710"]
[BlackFideId "15005267"]
[WhiteElo "2289"]
[BlackElo "2251"]
[Result "0-1"]
[Round "06"]
[TimeControl "180+1"]
[Date "2022.11.30"]
[WhiteClock "0:00:24"]
[BlackClock "0:00:24"]

1. e4 d6 2. Nf3 c5 3. Nc3 g6 4. d4 cxd4 5. Qxd4 Nf6 6. Be2 Bg7 7. Bg5 O-O 8. Qd2 Nc6 9. Bh6 Be6 10. O-O d5 11. exd5 Nxd5 12. Bxg7 Kxg7 13. Ne4 Nf6 14. Nc5 Qxd2 15. Nxe6+ fxe6 16. Nxd2 Rfd8 17. Nb3 b6 18. c3 a5 19. Rad1 a4 20. Nd2 a3 21. b3 Nd5 22. Ne4 Ne5 23. f4 Nf7 24. g3 Rdc8 25. Rc1 Nd6 26. Ng5 Rxc3 27. Nxe6+ Kf6 28. Nd4 Rac8 29. Rce1 Ne3 30. Rf3 Nc2 31. Rxc3 Rxc3 32. Nxc2 Rxc2 33. Bc4 Nxc4 34. bxc4 Rxa2 35. Re3 Ra1+ 36. Kg2 a2 37. Ra3 Ke6 38. Kh3 Kd6 39. Kg4 Kc5 40. Ra4 h6 41. h4 e6 42. Ra8 Kxc4 43. Ra4+ Kb3 44. Ra6 b5 45. Rxe6 Rc1 46. Rxg6 a1=Q 47. Rxh6 Qg7+ 48. Kh5 Rc5+ 49. f5 Rxf5# 0-1


[Site "https://www.chess.com"]

[Event "Titled Tuesday Blitz November 29 Late 2022"]
[White "Gubajdullin, Alexei"]
[Black "Miller, Luke C"]
[WhiteFideId "4141202"]
[BlackFideId "2096935"]
[WhiteElo "2230"]
[BlackElo "2396"]
[Result "0-1"]
[Round "06"]
[TimeControl "180+1"]
[Date "2022.11.30"]
[WhiteClock "0:00:01"]
[BlackClock "0:00:09"]

1. d4 Nf6 2. Nf3 g6 3. Bf4 Bg7 4. e3 O-O 5. Be2 Nh5 6. Bg5 c5 7. O-O h6 8. Bh4 g5 9. Bg3 Nxg3 10. hxg3 Qb6 11. Nc3 cxd4 12. exd4 Qxb2 13. Nd5 Nc6 14. Qd3 Nxd4 15. Nxe7+ Kh8 16. Rae1 Qxc2 17. Qxc2 Nxc2 18. Rc1 Nb4 19. Bc4 Bf6 20. Nd5 Nxd5 21. Bxd5 Rb8 22. Rc7 Bd8 23. Rc4 b5 24. Re4 f5 25. Re2 b4 26. Ne5 Kg7 27. Rd1 Bf6 28. Bb3 Re8 29. f4 gxf4 30. gxf4 Rb7 31. Re3 Bxe5 32. fxe5 Rb5 33. Rg3+ Kh7 34. Rd6 Rbxe5 35. Rgg6 R5e6 36. Bxe6 Rxe6 37. Rgxe6 dxe6 38. Rd8 Bb7 39. Rd7+ Kg6 40. Rxb7 Kf6 0-1


[Site "https://www.chess.com"]

[Event "Titled Tuesday Blitz November 29 Late 2022"]
[White "Gurevich, Dmitry"]
[Black "Leebit02"]
[WhiteFideId "2000407"]
[WhiteElo "2506"]
[BlackElo "2303"]
[Result "1-0"]
[Round "06"]
[TimeControl "180+1"]
[Date "2022.11.30"]
[WhiteClock "0:00:12"]
[BlackClock "0:00:06"]

1. d4 d5 2. c4 e6 3. Nc3 c6 4. e4 dxe4 5. Nxe4 Bb4+ 6. Nc3 c5 7. Nf3 Nf6 8. Be2 Nc6 9. a3 Ba5 10. Be3 cxd4 11. Nxd4 Bxc3+ 12. bxc3 Bd7 13. Nb5 O-O 14. Bc5 Ne7 15. O-O b6 16. Bd6 a6 17. Nd4 Re8 18. Bf3 Ra7 19. c5 Ned5 20. c6 Bc8 21. Bb8 Rae7 22. c4 Nc7 23. Nb3 e5 24. Qxd8 Rxd8 25. Rfd1 Rde8 26. c5 b5 27. Na5 Be6 28. Ba7 e4 29. Be2 Nfd5 30. Bb6 Rc8 31. Nb7 Ne8 32. Nd6 Rxc6 33. a4 Nxd6 34. cxd6 Rxd6 35. Bc5 Red7 36. Bxd6 Rxd6 37. axb5 f5 38. bxa6 Rd8 39. a7 Ra8 40. Rdb1 Kf7 41. Bc4 Nc7 42. Rb7 1-0


[Site "https://www.chess.com"]

[Event "Titled Tuesday Blitz November 29 Late 2022"]
[White "Hardaway, Brewington"]
[Black "Al-Tarboush, Ward"]
[WhiteFideId "30941849"]
[BlackFideId "7601450"]
[WhiteElo "2159"]
[BlackElo "2273"]
[Result "0-1"]
[Round "06"]
[TimeControl "180+1"]
[Date "2022.11.30"]
[WhiteClock "0:00:07"]
[BlackClock "0:00:08"]

1. Nf3 d5 2. e3 Nf6 3. c4 c6 4. Nc3 Nbd7 5. b3 e5 6. Bb2 Bd6 7. Qc2 O-O 8. O-O-O a5 9. Rg1 a4 10. Nxa4 b5 11. cxb5 cxb5 12. Bxb5 Bb7 13. Kb1 Rc8 14. Qf5 d4 15. d3 Nb6 16. exd4 e4 17. Ne5 Nxa4 18. Bxa4 exd3 19. Nd7 Nxd7 20. Qxd7 Qb6 21. Qb5 Qa7 22. Qxd3 Qa8 23. f3 Bd5 24. Rc1 Rb8 25. Rge1 g6 26. h4 Bf4 27. Rc2 Rb4 28. h5 Rxa4 29. bxa4 Qxa4 30. Qa3 Qd7 31. Bc1 Ra8 32. Qc3 Qb5+ 33. Ka1 Bd6 34. hxg6 hxg6 35. Bd2 Bb7 36. Rb1 Qa6 37. Qb3 Bc8 38. Qc4 Qa7 39. d5 Bf5 40. Rcb2 Bxb1 41. Kxb1 Be5 42. Rb3 Qg1+ 43. Bc1 Qxg2 44. Qc2 Qf1 45. f4 Bf6 46. Qd3 Qf2 47. Qc2 Qf1 48. Qd3 Qf2 49. a4 Qa7 50. Ra3 Qb6+ 51. Rb3 Qa7 52. Ra3 Rb8+ 53. Ka2 Rc8 54. Bb2 Bxb2 55. Kxb2 Qf2+ 56. Kb3 Rb8+ 57. Kc4 Rc8+ 58. Kb5 Qb2+ 59. Rb3 Rb8+ 60. Kc4 Qc1+ 61. Qc3 Rc8+ 62. Kd3 Rxc3+ 63. Rxc3 Qd1+ 64. Kc4 Qxa4+ 65. Kc5 Qa5+ 66. Kc4 Qa4+ 67. Kc5 Qxf4 68. d6 Qe5+ 69. Kc4 Qxd6 70. Rf3 Qe6+ 0-1


[Site "https://www.chess.com"]

[Event "Titled Tuesday Blitz November 29 Late 2022"]
[White "Hjartarson, Johann"]
[Black "Bok, Benjamin"]
[WhiteFideId "2300044"]
[BlackFideId "1017063"]
[WhiteElo "2458"]
[BlackElo "2658"]
[Result "0-1"]
[Round "06"]
[TimeControl "180+1"]
[Date "2022.11.30"]
[WhiteClock "0:00:08"]
[BlackClock "0:00:03"]

1. e4 c5 2. Nf3 d6 3. d4 cxd4 4. Nxd4 Nf6 5. Nc3 a6 6. f4 e5 7. Nf3 Nbd7 8. a4 Be7 9. Bc4 O-O 10. O-O Qc7 11. Ba2 b6 12. Nd5 Nxd5 13. Bxd5 Bb7 14. Bxb7 Qxb7 15. Qe2 Rac8 16. c3 Nc5 17. fxe5 Qxe4 18. Qxe4 Nxe4 19. Re1 Nc5 20. exd6 Bxd6 21. Be3 Rfd8 22. Nd4 g6 23. Re2 Re8 24. g3 Nd3 25. Rb1 Bc5 26. Kf1 Re4 27. Bg1 Rce8 28. Rxe4 Rxe4 29. b4 Bxd4 30. Bxd4 b5 31. axb5 axb5 32. Ra1 f5 33. Ra8+ Kf7 34. Ra7+ Ke6 35. Rxh7 Nxb4 36. Rg7 Nc2 37. Rxg6+ Kd5 38. Bg7 Ne3+ 39. Kg1 Ra4 40. h3 Ke4 41. Bh6 Ra1+ 42. Kf2 Ra2+ 43. Ke1 Nd5 44. Re6+ Kf3 45. Re5 Nxc3 46. Rxf5+ Kxg3 47. Rc5 Ra1+ 48. Kd2 Ne4+ 0-1


[Site "https://www.chess.com"]

[Event "Titled Tuesday Blitz November 29 Late 2022"]
[White "Hoffmann, Asa"]
[Black "Arngrimsson, Dagur"]
[WhiteFideId "2001470"]
[BlackFideId "2301288"]
[WhiteElo "2117"]
[BlackElo "2286"]
[Result "1-0"]
[Round "06"]
[TimeControl "180+1"]
[Date "2022.11.30"]
[WhiteClock "0:01:17"]
[BlackClock "0:00:39"]

1. d4 d5 2. Bg5 c6 3. e3 Nd7 4. Bd3 Qb6 5. b3 e5 6. c3 e4 7. Bc2 h6 8. Bh4 Ngf6 9. Ne2 Be7 10. Nd2 O-O 11. c4 c5 12. cxd5 cxd4 13. Nxd4 Nxd5 14. Bxe7 Nxe7 15. Nxe4 f5 16. Nd2 f4 17. Nc4 Qf6 18. O-O Ne5 19. Nxe5 Qxe5 20. Qd3 Nf5 21. Qe4 Qc5 22. Rac1 Bd7 23. Ne6 Qe7 24. Nxf8 Qxf8 25. Qxf4 Be6 26. Bxf5 Bxf5 27. e4 Bg6 28. Qxf8+ Kxf8 29. f3 a5 30. Rfd1 a4 31. b4 a3 32. Rc3 Bf7 33. Rdd3 Ra4 34. Rxa3 Rxb4 35. Rd7 Ke8 36. Rc7 1-0


[Site "https://www.chess.com"]

[Event "Titled Tuesday Blitz November 29 Late 2022"]
[White "Ibarra Jerez, Jose Carlos"]
[Black "Koellner, Ruben Gideon"]
[WhiteFideId "2226332"]
[BlackFideId "12993093"]
[WhiteElo "2638"]
[BlackElo "2303"]
[Result "0-1"]
[Round "06"]
[TimeControl "180+1"]
[Date "2022.11.30"]
[WhiteClock "0:00:03"]
[BlackClock "0:00:05"]

1. e4 d6 2. d4 Nf6 3. Nc3 e5 4. Nf3 Nbd7 5. Bc4 Be7 6. a4 c6 7. O-O h6 8. Re1 Qc7 9. b3 Nf8 10. Ba3 Ng6 11. Qd2 O-O 12. Rad1 b6 13. dxe5 dxe5 14. Bxe7 Qxe7 15. Qd6 Qxd6 16. Rxd6 Bb7 17. Red1 a6 18. b4 b5 19. Bb3 Rfe8 20. h3 Kf8 21. Nh2 h5 22. Nf1 Nf4 23. Ne3 Ne6 24. axb5 axb5 25. Bxe6 Rxe6 26. Nf5 Rxd6 27. Rxd6 Ne8 28. Rd7 Bc8 29. Rd8 Ra1+ 30. Kh2 Bxf5 31. exf5 Ke7 32. Rc8 Kd7 33. Rb8 Nd6 34. Rh8 Rc1 35. Rxh5 Rxc2 36. Nd1 Rc4 37. Rg5 Ke7 38. Rxg7 Nxf5 39. Rg4 Nd4 40. h4 Rxb4 41. h5 Ra4 42. f4 Ne6 43. h6 Ra8 44. fxe5 Rh8 45. Rh4 c5 46. Ne3 c4 47. Nf5+ Kd7 48. Re4 Kc6 49. Re1 Kc5 50. Kg3 c3 51. Nd6 b4 52. Nxf7 Rg8+ 53. Kf3 Nf8 54. e6 Nxe6 55. Rxe6 Rf8 56. Re7 c2 57. Kg3 Kb6 58. Re6+ Kb7 59. Re7+ Kb6 60. Re6+ Kc7 61. Re1 Rxf7 62. Kh4 b3 63. Rc1 Kd6 64. h7 Rxh7+ 65. Kg5 Rc7 66. Kf4 b2 67. Rh1 c1=Q+ 0-1


[Site "https://www.chess.com"]

[Event "Titled Tuesday Blitz November 29 Late 2022"]
[White "Iinuma, Paul Y"]
[Black "Chlpik, Martin"]
[WhiteFideId "2031809"]
[BlackFideId "14923351"]
[WhiteElo "2066"]
[BlackElo "2109"]
[Result "0-1"]
[Round "06"]
[TimeControl "180+1"]
[Date "2022.11.30"]
[WhiteClock "0:00:11"]
[BlackClock "0:00:06"]

1. e4 c5 2. Nf3 d6 3. d3 Nc6 4. Nbd2 g6 5. g3 Bg7 6. Bg2 Nf6 7. O-O O-O 8. Re1 Rb8 9. a4 a6 10. c3 b5 11. axb5 axb5 12. h3 b4 13. d4 bxc3 14. bxc3 cxd4 15. cxd4 d5 16. e5 Ne8 17. Ba3 Nc7 18. Nb3 Nb5 19. Bc5 Bf5 20. Ng5 Nc3 21. Qc1 Rxb3 22. g4 Be4 23. f3 Bd3 24. Re3 Bh6 25. f4 e6 26. Bxf8 Bxg5 27. fxg5 Kxf8 28. Kh1 Nb4 29. Rf3 Be4 30. Rxc3 Bxg2+ 31. Kxg2 Nd3 32. Qc2 Rb2 33. Qxb2 Nxb2 34. Rb3 Nc4 35. h4 Qc7 36. Rab1 Nd2 37. Rb8+ Kg7 38. R1b2 Qc3 39. R8b7 Qf3+ 40. Kg1 Ne4 41. Rg2 Qd1+ 42. Kh2 Qxd4 43. Rc7 Qxe5+ 44. Kh3 Qxc7 45. Rg1 Qc3+ 46. Kg2 Qd2+ 47. Kh1 Nf2+ 48. Kg2 Nxg4+ 49. Kg3 Qd4 50. Kh3 Ne5 51. h5 Qxg1 52. h6+ Kg8 53. Kh4 Qg4# 0-1


[Site "https://www.chess.com"]

[Event "Titled Tuesday Blitz November 29 Late 2022"]
[White "Ilkhomi, Jaloliddin"]
[Black "Tanenbaum, Zachary"]
[WhiteFideId "14700948"]
[BlackFideId "2060850"]
[WhiteElo "2045"]
[BlackElo "2175"]
[Result "1/2-1/2"]
[Round "06"]
[TimeControl "180+1"]
[Date "2022.11.30"]
[WhiteClock "0:00:09"]
[BlackClock "0:00:07"]

1. d4 d5 2. Bf4 Nf6 3. e3 c5 4. Nd2 Nc6 5. c3 Qb6 6. Qb3 c4 7. Qc2 g6 8. e4 dxe4 9. Nxc4 Qd8 10. Ne3 Bg7 11. h3 Bd7 12. Bc4 Rc8 13. Ne2 Na5 14. Bb3 Nxb3 15. Qxb3 Bc6 16. Be5 O-O 17. O-O Nd5 18. Bxg7 Kxg7 19. c4 Nxe3 20. fxe3 e6 21. Rad1 Qa5 22. Nc3 Qg5 23. Rf4 f5 24. h4 Qe7 25. g3 e5 26. Rf2 exd4 27. Rxd4 Rfd8 28. Rfd2 Qc7 29. Kg2 h6 30. Nd5 Qe5 31. Nf4 Rxd4 32. Rxd4 g5 33. hxg5 hxg5 34. Ne2 Rh8 35. Qc3 Kg6 36. Rd2 Qxc3 37. Nxc3 Kf6 38. Nd5+ Ke5 39. Ne7 Rh7 40. Nxc6+ bxc6 41. b3 f4 42. gxf4+ gxf4 43. exf4+ Kxf4 44. Rd6 Rg7+ 45. Kf2 e3+ 46. Ke1 Rg1+ 47. Ke2 Rg2+ 48. Ke1 Rxa2 49. Rxc6 Ke4 50. Re6+ Kd3 51. Rd6+ Kc3 52. c5 Kxb3 53. c6 Rc2 54. Rd3+ Kb4 55. Rxe3 Rxc6 56. Kd2 a5 57. Re4+ Kb3 58. Re8 a4 59. Rb8+ Ka2 60. Ra8 a3 61. Rb8 Ka1 62. Kd1 a2 63. Kd2 Rh6 64. Kc2 Rh2+ 65. Kc1 Rh1+ 66. Kc2 Rh2+ 67. Kc1 Rh4 68. Rc8 Rb4 69. Kc2 Rb6 70. Rc3 Rb2+ 71. Kc1 Rb1+ 72. Kc2 Rh1 73. Rc8 Rh2+ 74. Kc1 Rh5 75. Kc2 Rb5 76. Kc1 Rb2 77. Rc7 Rg2 78. Rc8 Rg1+ 79. Kc2 Rg6 80. Kc1 Rg7 81. Kc2 Rg2+ 82. Kc1 Rg4 83. Kc2 Rb4 84. Kc1 Rb7 85. Kc2 Rb2+ 86. Kc1 Rb1+ 87. Kc2 Rb5 88. Rc7 Ra5 89. Kc1 Ra8 90. Kc2 Re8 91. Kc1 Rf8 92. Kc2 Rg8 93. Kc1 Rg2 94. Rc8 1/2-1/2


[Site "https://www.chess.com"]

[Event "Titled Tuesday Blitz November 29 Late 2022"]
[White "Ivic, Velimir"]
[Black "Kleiman, Jake"]
[WhiteFideId "950122"]
[BlackFideId "2020041"]
[WhiteElo "2625"]
[BlackElo "2618"]
[Result "1-0"]
[Round "06"]
[TimeControl "180+1"]
[Date "2022.11.30"]
[WhiteClock "0:00:32"]
[BlackClock "0:00:04"]

1. e4 e5 2. Nf3 Nc6 3. Bb5 a6 4. Ba4 Nf6 5. O-O b5 6. Bb3 Bc5 7. a4 Rb8 8. c3 d6 9. d4 Bb6 10. h3 h6 11. a5 Ba7 12. Be3 Ra8 13. Nbd2 O-O 14. Re1 Bb7 15. d5 Ne7 16. Bxa7 Rxa7 17. c4 c5 18. dxc6 Bxc6 19. Bc2 b4 20. c5 Rd7 21. Nc4 dxc5 22. Qc1 Bb5 23. Nb6 Rd6 24. Nxe5 Qc7 25. Bb3 Rd4 26. Qf4 c4 27. Rac1 Nc6 28. Bxc4 Bxc4 29. Rxc4 Rxc4 30. Nbxc4 Nxa5 31. Nxa5 Qxa5 32. Nc6 Qc5 33. Rc1 Qb5 34. e5 Nd5 35. Qd4 Kh8 36. Rc5 Qe2 37. Rxd5 b3 38. Kh2 Kh7 39. Qd3+ 1-0


[Site "https://www.chess.com"]

[Event "Titled Tuesday Blitz November 29 Late 2022"]
[White "Jimenez, Joaquin"]
[Black "Adury, Anant"]
[WhiteFideId "109860"]
[BlackFideId "30964687"]
[WhiteElo "2163"]
[BlackElo "2175"]
[Result "0-1"]
[Round "06"]
[TimeControl "180+1"]
[Date "2022.11.30"]
[WhiteClock "0:00:51"]
[BlackClock "0:00:11"]

1. c4 c6 2. e4 d6 3. d4 e5 4. dxe5 dxe5 5. Qxd8+ Kxd8 6. Nc3 f6 7. Be3 Be6 8. O-O-O+ Kc7 9. f3 Bb4 10. Bd3 Na6 11. Nge2 Bc5 12. Bxc5 Nxc5 13. b3 a5 14. Kc2 Ne7 15. Rd2 h5 16. Nd1 h4 17. Ne3 g5 18. Nc3 Rhd8 19. Rhd1 Rd4 20. Ne2 Rd7 21. Nc3 Rd4 22. Bf1 Rad8 23. Ne2 Rxd2+ 24. Rxd2 Rxd2+ 25. Kxd2 b5 26. Nc1 Kb6 27. Kc3 b4+ 28. Kb2 a4 29. a3 bxa3+ 30. Kxa3 axb3 31. Nxb3 Nxb3 32. Kxb3 Kc5 33. Kc3 Nc8 34. Nd1 Kb6 35. Nb2 c5 36. Nd1 Ne7 37. Ne3 Nc6 38. Be2 Nd4 39. Bd1 Ka5 40. Nd5 Bxd5 41. cxd5 Kb6 42. Kc4 Nb5 43. d6 Nxd6+ 44. Kd5 Kc7 45. Kxc5 Kd7 46. Kd5 Ke7 47. g3 Nf7 48. Kc4 Nd8 49. Ba4 Ne6 50. Kd3 Ng7 51. Ke3 Nh5 52. Kf2 Kf7 53. Bb3+ Kg6 54. Ba4 Kg7 55. Bd1 Kh6 56. Be2 Kg6 57. Bb5 Kh6 58. Bd7 Ng7 59. Bg4 hxg3+ 60. hxg3 Kg6 61. Ke3 Kf7 62. Kd3 Ke7 63. Kc4 Kd6 64. Kd3 Ne8 65. Ke3 Kc5 66. Bd7 Nd6 67. Be6 Kc6 68. Bd5+ Kc5 69. Kd3 Nc8 70. Ke3 Nb6 71. Be6 Nc4+ 72. Bxc4 Kxc4 73. f4 g4 74. f5 Kc3 75. Ke2 Kd4 0-1


[Site "https://www.chess.com"]

[Event "Titled Tuesday Blitz November 29 Late 2022"]
[White "Kalogeris, Ioannis"]
[Black "Han, Yichen"]
[WhiteFideId "4239563"]
[BlackFideId "1054430"]
[WhiteElo "2312"]
[BlackElo "2323"]
[Result "0-1"]
[Round "06"]
[TimeControl "180+1"]
[Date "2022.11.30"]
[WhiteClock "0:00:14"]
[BlackClock "0:00:10"]

1. e4 e5 2. Nf3 Nc6 3. Bc4 Nf6 4. d3 h6 5. c3 d6 6. a4 g5 7. Nfd2 Bg7 8. Nf1 d5 9. exd5 Nxd5 10. Ne3 Be6 11. Nd2 Nf4 12. O-O Bxc4 13. Ndxc4 Qxd3 14. Qg4 O-O 15. Qf5 Rad8 16. g3 Ne2+ 17. Kg2 Ne7 18. Qxd3 Rxd3 19. Ng4 Nxc1 20. Raxc1 Nc6 21. Rfe1 f6 22. b4 Ne7 23. Nge3 f5 24. Nd1 Ng6 25. Ndb2 Rdd8 26. a5 e4 27. Na4 b6 28. b5 Rfe8 29. axb6 axb6 30. Nab2 f4 31. Kh3 h5 32. g4 h4 33. Kg2 f3+ 34. Kf1 Nf4 35. Re3 Ne2 36. Rxe2 fxe2+ 37. Kxe2 Be5 38. h3 Bf4 39. Ra1 Rd5 40. Ra7 Rxb5 41. Ra4 e3 42. fxe3 Bxe3 43. Nxe3 Rxb2+ 44. Kd3 Rh2 45. Nd5 Rd8 46. Ke4 Rxh3 47. Ne7+ Kf7 48. Nf5 Rxc3 49. Ra7 Rc5 50. Rb7 Re8+ 51. Kf3 Rd8 52. Nh6+ Kg6 53. Nf5 Rd3+ 0-1


[Site "https://www.chess.com"]

[Event "Titled Tuesday Blitz November 29 Late 2022"]
[White "Kamsky, Gata"]
[Black "Mladenovic, Stefan"]
[WhiteFideId "2000024"]
[BlackFideId "942227"]
[WhiteElo "2666"]
[BlackElo "2337"]
[Result "1-0"]
[Round "06"]
[TimeControl "180+1"]
[Date "2022.11.30"]
[WhiteClock "0:00:49"]
[BlackClock "0:00:04"]

1. d4 Nf6 2. Bf4 e6 3. e3 c5 4. c3 cxd4 5. exd4 b6 6. Nf3 Bb7 7. Nbd2 Be7 8. h3 O-O 9. a4 a6 10. Bd3 d6 11. O-O Nbd7 12. Bh2 Re8 13. Re1 Nf8 14. Nc4 Ng6 15. Nfd2 Nd5 16. Bf1 Ndf4 17. Qb3 Nd5 18. Ne4 e5 19. dxe5 dxe5 20. Nxe5 Nxe5 21. Bxe5 Bf8 22. Bg3 h5 23. Rad1 h4 24. Bh2 Qd7 25. c4 Qf5 26. Nd6 Bxd6 27. Bxd6 Nf6 28. Qxb6 Be4 29. Qc5 Qg6 30. Qd4 Nh7 31. Bf4 Bf3 32. Rxe8+ Rxe8 33. Rd3 Bc6 34. Re3 Bxa4 35. Rxe8+ Bxe8 36. Qd8 Qe4 37. Qxh4 Nf8 38. Bg3 Qc2 39. Qd8 Qe4 40. b4 1-0


[Site "https://www.chess.com"]

[Event "Titled Tuesday Blitz November 29 Late 2022"]
[White "Kollars, Dmitrij"]
[Black "Jaracz, Pawel"]
[WhiteFideId "12909572"]
[BlackFideId "1102222"]
[WhiteElo "2584"]
[BlackElo "2459"]
[Result "1-0"]
[Round "06"]
[TimeControl "180+1"]
[Date "2022.11.30"]
[WhiteClock "0:00:10"]
[BlackClock "0:00:04"]

1. d4 Nf6 2. c4 e6 3. Nc3 Bb4 4. e3 c5 5. Bd3 Nc6 6. Nf3 Bxc3+ 7. bxc3 d6 8. O-O e5 9. d5 Ne7 10. e4 Ng6 11. Ne1 O-O 12. g3 Bh3 13. Ng2 Qd7 14. Bg5 Ng4 15. f3 h6 16. Bd2 Nf6 17. Rf2 Nh7 18. Ne3 Ne7 19. g4 Ng5 20. Kh1 g6 21. Qg1 f6 22. Qg3 Rf7 23. Nd1 Rh7 24. Re2 Rf8 25. Nf2 h5 26. Nxh3 Nxf3 27. g5 Nxd2 28. Rxd2 f5 29. Rf1 Rhf7 30. Rdf2 f4 31. Qg2 Qg4 32. Ng1 Qd7 33. Nf3 Qa4 34. Rb1 Nc8 35. Qf1 Kg7 36. Qd1 Qa5 37. Qb3 Qd8 38. Bf1 Qd7 39. Qd1 Nb6 40. Rb5 Qc8 41. a4 Qg4 42. a5 Nc8 43. Bg2 Qd7 44. Qf1 Qc7 45. Bh3 a6 46. Rb3 Qxa5 47. Qb1 Qa4 48. Be6 Qxc4 49. Rxb7 Ne7 50. Bxf7 Rxf7 51. Qb6 Qxe4 52. Qxd6 Qxd5 53. Qxd5 Nxd5 54. Rxf7+ Kxf7 55. Nxe5+ Ke6 56. Nxg6 Kf5 57. Nxf4 Nxf4 58. g6 1-0


[Site "https://www.chess.com"]

[Event "Titled Tuesday Blitz November 29 Late 2022"]
[White "Korchmar, Vasiliy"]
[Black "Girsh, Daniel"]
[WhiteFideId "24131750"]
[BlackFideId "30949190"]
[WhiteElo "2370"]
[BlackElo "2075"]
[Result "0-1"]
[Round "06"]
[TimeControl "180+1"]
[Date "2022.11.30"]
[WhiteClock "0:00:04"]
[BlackClock "0:00:05"]

1. e4 c5 2. Nf3 d6 3. d4 cxd4 4. Nxd4 Nf6 5. Nc3 a6 6. Be2 e5 7. Nb3 Be7 8. O-O O-O 9. Be3 Be6 10. Nd5 Bxd5 11. exd5 Nbd7 12. c4 Ne8 13. Qd2 f5 14. f4 Rc8 15. Rac1 b6 16. Kh1 a5 17. Na1 Nc5 18. Bf3 exf4 19. Bxf4 g5 20. Be3 Ng7 21. Nc2 g4 22. Be2 Ne4 23. Qe1 Bg5 24. Bd3 Re8 25. b3 Qf6 26. Bxe4 Rxe4 27. Qf2 f4 28. Bd4 Qh6 29. Bxg7 Kxg7 30. Qxb6 Rf8 31. Nd4 f3 32. gxf3 Bxc1 33. Ne6+ Rxe6 34. dxe6 gxf3 35. Qg1+ Bg5 36. e7 Re8 37. Qd4+ Qf6 38. Qg4 h5 39. Qxh5 Qg6 40. Qxf3 Rxe7 41. Rg1 Qf6 42. Qg2 Kh6 43. Qh3+ Kg6 44. Qg2 Qf4 45. a3 Re3 46. b4 Qf3 47. bxa5 Qxg2+ 48. Kxg2 Rxa3 49. Rd1 Bf4 50. Rd5 Be5 51. h4 Kf6 52. Rb5 Ke6 53. h5 Rg3+ 54. Kf2 Rh3 55. a6 Rxh5 56. a7 Rh2+ 57. Kf3 Ra2 58. Rb7 Bd4 59. Ke4 Bxa7 60. Rh7 Bc5 61. Rh6+ Kd7 62. Kd5 Rd2+ 63. Ke4 Rd4+ 64. Kf5 Rxc4 0-1


[Site "https://www.chess.com"]

[Event "Titled Tuesday Blitz November 29 Late 2022"]
[White "Kowalski, Igor"]
[Black "Nakamura, Hikaru"]
[WhiteFideId "1172468"]
[BlackFideId "2016192"]
[WhiteElo "2317"]
[BlackElo "2909"]
[Result "0-1"]
[Round "06"]
[TimeControl "180+1"]
[Date "2022.11.30"]
[WhiteClock "0:00:08"]
[BlackClock "0:01:14"]

1. d4 g6 2. e4 Bg7 3. Nc3 a6 4. Bc4 b5 5. Bd5 c6 6. Bb3 d6 7. h4 h6 8. Be3 Nf6 9. f3 Nbd7 10. Nh3 Nb6 11. a4 b4 12. Ne2 a5 13. Nhf4 Qc7 14. g4 Nfd7 15. c4 bxc3 16. Nxc3 Ba6 17. Kf2 e5 18. Nfe2 c5 19. dxe5 Nxe5 20. Nf4 c4 21. Bc2 Rb8 22. Kg3 Qd8 23. Qd2 O-O 24. Rad1 Nc8 25. Ncd5 Rxb2 26. Ne2 c3 27. Nexc3 Nc4 28. Qc1 Nxe3 29. Qxb2 Nxd5 30. Rxd5 Nb6 31. Qb3 Bc4 32. Qa3 Nxd5 33. Nxd5 Bxd5 34. exd5 Qb6 35. Qb3 Qd4 36. Rd1 Be5+ 37. Kg2 Qf4 38. h5 Qh2+ 39. Kf1 Bg3 40. Qe3 Qxc2 0-1


[Site "https://www.chess.com"]

[Event "Titled Tuesday Blitz November 29 Late 2022"]
[White "Leitao, Rafael"]
[Black "Melaugh, Shane"]
[WhiteFideId "2101246"]
[BlackFideId "2509580"]
[WhiteElo "2609"]
[BlackElo "2025"]
[Result "1-0"]
[Round "06"]
[TimeControl "180+1"]
[Date "2022.11.30"]
[WhiteClock "0:00:44"]
[BlackClock "0:00:04"]

1. c4 e5 2. Nc3 Nc6 3. Nf3 f5 4. d4 e4 5. Ng5 Nf6 6. Nh3 Bb4 7. Bg5 Bxc3+ 8. bxc3 O-O 9. Nf4 d6 10. Nd5 Kh8 11. e3 Ne7 12. Bxf6 gxf6 13. g3 Be6 14. Nf4 Bf7 15. Be2 Ng6 16. Nh5 c6 17. O-O Qe7 18. Rb1 Rg8 19. Kh1 Nf8 20. Nf4 Ne6 21. Ng2 b6 22. Nh4 Bg6 23. f4 d5 24. g4 fxg4 25. f5 Bh5 26. fxe6 Qxe6 27. Qe1 Rg5 28. Qg3 dxc4 29. Rf2 Bg6 30. Qf4 Rf8 31. Rbf1 Kg7 32. Rg1 h5 33. Qg3 b5 34. Rgf1 a5 35. a3 Be8 36. Qc7+ Kg8 37. Nf5 Bg6 38. Qg7# 1-0


[Site "https://www.chess.com"]

[Event "Titled Tuesday Blitz November 29 Late 2022"]
[White "Lopez Mulet, Inigo"]
[Black "Ehlvest, Jaan"]
[WhiteFideId "22235620"]
[BlackFideId "4500016"]
[WhiteElo "2289"]
[BlackElo "2430"]
[Result "0-1"]
[Round "06"]
[TimeControl "180+1"]
[Date "2022.11.30"]
[WhiteClock "0:00:59"]
[BlackClock "0:01:23"]

1. d4 d5 2. c4 e6 3. Nf3 Nf6 4. Nc3 Be7 5. Bf4 O-O 6. e3 a6 7. cxd5 exd5 8. Bd3 c6 9. Ne5 Nbd7 10. O-O Nxe5 11. dxe5 Nd7 12. Qh5 g6 13. Qh6 Nc5 14. Bc2 Re8 15. e6 Nxe6 16. Be5 Bf8 17. Qh3 Nd4 18. exd4 Bxh3 19. gxh3 Rxe5 20. dxe5 Qg5+ 21. Kh1 Qxe5 22. Rae1 Qf4 23. Re3 Bd6 24. Rg3 Re8 25. Kg2 Qd2 26. Bd1 Bxg3 27. hxg3 0-1


[Site "https://www.chess.com"]